TOP OF THE 1ST |
Portland Angels batting - Pitching for Calgary Flames : RHP Vicente Garcia
|
Pitching: RHP Vicente Garcia
|
|
Batting: RHB Ken Beck
|
0-0: Called Strike 0-1: Called Strike 0-2: Foul Ball, location: 2F 0-2: Strikes out swinging
|
Batting: RHB Jayden Hollaway
|
0-0: Swinging Strike 0-1: SOLO HOME RUN (Flyball, 7D, EV 111.2 MPH), Distance : 415 ft
|
Batting: RHB Alex Rosaly
|
0-0: Called Strike 0-1: Ball 1-1: Foul Ball, location: 2F 1-2: Strikes out looking
|
Batting: LHB Lourens Aukema
|
0-0: Called Strike 0-1: Foul Ball, location: 2F 0-2: Ball 1-2: Ball 2-2: Ball 3-2: Foul Ball, location: 2F 3-2: Strikes out swinging
|
Top of the 1st over - 1 run, 1 hit, 0 errors, 0 left on base; Portland 1 - Calgary 0 |
BOTTOM OF THE 1ST |
Calgary Flames batting - Pitching for Portland Angels : RHP William Flannigan
|
Pitching: RHP William Flannigan
|
|
Batting: SHB Yu-hsui Lew
|
0-0: Ball 1-0: Foul Ball, location: 2F 1-1: Ball 2-1: Fly out, F7 (Flyball, 7, EV 90.0 MPH)
|
Batting: RHB Andre Thompson
|
0-0: Called Strike 0-1: Swinging Strike 0-2: Strikes out swinging
|
Batting: SHB Steve Wipf
|
0-0: Ball 1-0: Fly out, F9 (Flyball, 9LMF, EV 85.0 MPH)
|
Bottom of the 1st over - 0 runs, 0 hits, 0 errors, 0 left on base; Portland 1 - Calgary 0 |
TOP OF THE 2ND |
Portland Angels batting - Pitching for Calgary Flames : RHP Vicente Garcia
|
Batting: RHB Mario Martinez
|
0-0: Ball 1-0: Ball 2-0: Swinging Strike 2-1: Called Strike 2-2: Ball 3-2: Strikes out swinging
|
Batting: LHB Miguel Hernandez
|
0-0: Ball 1-0: Called Strike 1-1: Ground out U3 (Groundball, 34, EV 103.8 MPH)
|
Batting: RHB Bob Dewar
|
0-0: Ball 1-0: Foul Ball, location: 2F 1-1: Fly out, F6 (Popup, 6MS, EV 85.0 MPH)
|
Top of the 2nd over - 0 runs, 0 hits, 0 errors, 0 left on base; Portland 1 - Calgary 0 |
BOTTOM OF THE 2ND |
Calgary Flames batting - Pitching for Portland Angels : RHP William Flannigan
|
Batting: RHB Tyler Johnson
|
0-0: Ground out 6-3 (Groundball, 6, EV 88.8 MPH)
|
Batting: RHB Alejandro Patron
|
0-0: Called Strike 0-1: Fly out, F4 (Line Drive, 4, EV 71.9 MPH)
|
Batting: RHB Juan Mercado
|
0-0: Ball 1-0: Foul Ball, location: 2F 1-1: SINGLE (Groundball, 34D, EV 99.4 MPH)
|
Batting: RHB Juan Maravilla
|
0-0: Foul Ball, location: 2F 0-1: Called Strike 0-2: Ball 1-2: Ball 2-2: Ground out 5-3 (Groundball, 56, EV 101.2 MPH)
|
Bottom of the 2nd over - 0 runs, 1 hit, 0 errors, 1 left on base; Portland 1 - Calgary 0 |
TOP OF THE 3RD |
Portland Angels batting - Pitching for Calgary Flames : RHP Vicente Garcia
|
Batting: LHB John Harvey
|
0-0: Ball 1-0: Foul Ball, location: 2F 1-1: Swinging Strike 1-2: Ball 2-2: Ball 3-2: Foul Ball, location: 2F 3-2: Foul Ball, location: 2F 3-2: Strikes out looking
|
Batting: LHB Matt Herndon
|
0-0: Ball 1-0: Ball 2-0: Ball 3-0: Base on Balls
|
Batting: RHB Ken Beck
|
0-0: Swinging Strike 0-1: Ball 1-1: Swinging Strike 1-2: Grounds into double play, 4-6-3 (Groundball, 4M, EV 87.5 MPH)
|
Top of the 3rd over - 0 runs, 0 hits, 0 errors, 0 left on base; Portland 1 - Calgary 0 |
BOTTOM OF THE 3RD |
Calgary Flames batting - Pitching for Portland Angels : RHP William Flannigan
|
Batting: RHB Chad Stady
|
0-0: Called Strike 0-1: Called Strike 0-2: Ball 1-2: SINGLE (Line Drive, 9S, EV 106.2 MPH)
|
Batting: RHB Pablo Henriquez
|
0-0: Ball 1-0: Foul Ball, location: 2F 1-1: Foul Ball, location: 2F 1-2: Fly out, F5 (Popup, 25, EV 73.1 MPH)
|
Batting: SHB Yu-hsui Lew
|
0-0: Ball 1-0: Foul Ball, location: 2F 1-1: Fly out, F8 (Flyball, 8RM, EV 90.0 MPH)
|
Batting: RHB Andre Thompson
|
0-0: Ball 1-0: 2-RUN HOME RUN (Flyball, 7D, EV 99.4 MPH), Distance : 420 ft
|
Batting: SHB Steve Wipf
|
0-0: Called Strike 0-1: SINGLE (Line Drive, 9LS, EV 89.4 MPH)
|
Batting: RHB Tyler Johnson
|
0-0: Called Strike 0-1: Ball 1-1: Ball 2-1: Called Strike 2-2: Ball 3-2: Strikes out swinging
|
Bottom of the 3rd over - 2 runs, 3 hits, 0 errors, 1 left on base; Portland 1 - Calgary 2 |
TOP OF THE 4TH |
Portland Angels batting - Pitching for Calgary Flames : RHP Vicente Garcia
|
Batting: RHB Jayden Hollaway
|
0-0: Foul Ball, location: 2F 0-1: Swinging Strike 0-2: Strikes out swinging
|
Batting: RHB Alex Rosaly
|
0-0: Called Strike 0-1: Ball 1-1: Ball 2-1: Foul Ball, location: 2F 2-2: Ball 3-2: Foul Ball, location: 2F 3-2: Base on Balls
|
Batting: LHB Lourens Aukema
|
0-0: Ball 1-0: Swinging Strike 1-1: Swinging Strike 1-2: Strikes out swinging
|
Batting: RHB Mario Martinez
|
0-0: Called Strike 0-1: Called Strike 0-2: Ball 1-2: Ball 2-2: Foul Ball, location: 2F 2-2: Foul Ball, location: 2F 2-2: Foul Ball, location: 2F 2-2: Ground out 6-3 (Groundball, 6MS, EV 84.4 MPH)
|
Top of the 4th over - 0 runs, 0 hits, 0 errors, 1 left on base; Portland 1 - Calgary 2 |
BOTTOM OF THE 4TH |
Calgary Flames batting - Pitching for Portland Angels : RHP William Flannigan
|
Batting: RHB Alejandro Patron
|
0-0: Ball 1-0: Foul Ball, location: 2F 1-1: Ball 2-1: Foul Ball, location: 2F 2-2: Ball 3-2: Fly out, F9 (Flyball, 9LD, EV 95.0 MPH)
|
Batting: RHB Juan Mercado
|
0-0: Ball 1-0: Called Strike 1-1: Ball 2-1: Called Strike 2-2: Strikes out swinging
|
Batting: RHB Juan Maravilla
|
0-0: Foul Ball, location: 2F 0-1: SINGLE (Line Drive, 6D, EV 105.0 MPH)
|
Batting: RHB Chad Stady
|
0-0: Ball 1-0: Ball 2-0: Ball 3-0: Called Strike 3-1: Foul Ball, location: 2F 3-2: Fly out, F8 (Flyball, 89S, EV 88.1 MPH)
|
Bottom of the 4th over - 0 runs, 1 hit, 0 errors, 1 left on base; Portland 1 - Calgary 2 |
TOP OF THE 5TH |
Portland Angels batting - Pitching for Calgary Flames : RHP Vicente Garcia
|
Batting: LHB Miguel Hernandez
|
0-0: Ball 1-0: Ball 2-0: Ball 3-0: Called Strike 3-1: Base on Balls
|
Batting: RHB Bob Dewar
|
0-0: Called Strike Miguel Hernandez steals 2nd base 0-1: Called Strike 0-2: Ball 1-2: Strikes out swinging
|
Pitching: RHP Nick Munk
|
|
Batting: LHB John Harvey
|
0-0: SINGLE (Groundball, 3D, EV 100.0 MPH) Miguel Hernandez to third Runner from 3rd tries for Home, SAFE, throw by RF to home
|
Batting: LHB Matt Herndon
|
0-0: Swinging Strike 0-1: Ball John Harvey steals 2nd base 1-1: Ball 2-1: Ground out 4-3 (Groundball, 4, EV 85.0 MPH) John Harvey to third
|
Batting: RHB Ken Beck
|
0-0: Ball 1-0: Fly out, F7 (Flyball, 7, EV 87.5 MPH)
|
Top of the 5th over - 1 run, 1 hit, 0 errors, 1 left on base; Portland 2 - Calgary 2 |
BOTTOM OF THE 5TH |
Calgary Flames batting - Pitching for Portland Angels : RHP William Flannigan
|
Batting: RHB Pablo Henriquez
|
0-0: Ball 1-0: TRIPLE (Line Drive, 7LD, EV 108.1 MPH)
|
Batting: SHB Yu-hsui Lew
|
0-0: Ball 1-0: Foul Ball, location: 2F 1-1: Ground out 1-3 (Groundball, 34S, EV 72.5 MPH)
|
Batting: RHB Andre Thompson
|
0-0: Called Strike 0-1: Foul Ball, location: 2F 0-2: Ball 1-2: Ball 2-2: Ball 3-2: Strikes out swinging
|
Batting: SHB Steve Wipf
|
0-0: Foul Ball, location: 2F 0-1: Ball 1-1: Ball 2-1: Ball 3-1: Base on Balls
|
Pitching: LHP Jon Ray
|
|
Batting: RHB Tyler Johnson
|
0-0: Ball 1-0: SINGLE (Line Drive, 7S, EV 103.1 MPH) Pablo Henriquez scores Steve Wipf to second
|
Batting: RHB Alejandro Patron
|
0-0: Ball 1-0: Ball 2-0: SINGLE (Groundball, 56D, EV 103.8 MPH) Steve Wipf to third Tyler Johnson to second Runner from 3rd tries for Home, throw by LF and OUT! 7-2
|
Bottom of the 5th over - 1 run, 3 hits, 0 errors, 2 left on base; Portland 2 - Calgary 3 |
TOP OF THE 6TH |
Portland Angels batting - Pitching for Calgary Flames : RHP Nick Munk
|
Batting: RHB Jayden Hollaway
|
0-0: Fly out, F3 (Popup, 3, EV 61.2 MPH)
|
Batting: RHB Alex Rosaly
|
0-0: Ball 1-0: Ball 2-0: Ball 3-0: Called Strike 3-1: Called Strike 3-2: Base on Balls
|
Batting: LHB Lourens Aukema
|
0-0: Swinging Strike 0-1: Ball Alex Rosaly is caught stealing 2nd base 2-6 1-1: Swinging Strike 1-2: DOUBLE (Flyball, 8RXD, EV 98.1 MPH)
|
Batting: RHB Mario Martinez
|
0-0: Ball 1-0: Foul Ball, location: 2F 1-1: Called Strike 1-2: Foul Ball, location: 2F 1-2: Ball 2-2: Strikes out swinging
|
Top of the 6th over - 0 runs, 1 hit, 0 errors, 1 left on base; Portland 2 - Calgary 3 |
BOTTOM OF THE 6TH |
Calgary Flames batting - Pitching for Portland Angels : LHP Jon Ray
|
Batting: RHB Juan Mercado
|
0-0: Ball 1-0: Called Strike 1-1: SINGLE (Groundball, 6MD, EV 96.9 MPH)
|
Batting: RHB Juan Maravilla
|
0-0: Ball 1-0: Ball Wild Pitch! Juan Mercado to second 2-0: Ball 3-0: Called Strike 3-1: Foul Ball, location: 2F 3-2: 2-RUN HOME RUN (Flyball, 78XD, EV 113.1 MPH), Distance : 453 ft
|
Batting: RHB Chad Stady
|
0-0: Ball 1-0: Swinging Strike 1-1: Ground out 5-3 (Groundball, 56, EV 86.2 MPH)
|
Batting: RHB Pablo Henriquez
|
0-0: Called Strike 0-1: Ball 1-1: Ball 2-1: Ball 3-1: Base on Balls
|
Batting: SHB Yu-hsui Lew
|
0-0: Called Strike 0-1: Ball 1-1: SINGLE (Groundball, 6MD, EV 100.0 MPH) Pablo Henriquez to second
|
Batting: RHB Andre Thompson
|
0-0: Called Strike 0-1: Ball 1-1: Foul Ball, location: 2F 1-2: Foul Ball, location: 2F 1-2: Strikes out swinging
|
Batting: SHB Steve Wipf
|
0-0: Swinging Strike 0-1: 3-RUN HOME RUN (Flyball, 7LD, EV 95.6 MPH), Distance : 362 ft
|
Pitching: LHP Benjie Dalaque
|
|
Batting: RHB Tyler Johnson
|
0-0: Ball 1-0: Swinging Strike 1-1: Swinging Strike 1-2: Strikes out swinging
|
Bottom of the 6th over - 5 runs, 4 hits, 0 errors, 0 left on base; Portland 2 - Calgary 8 |
TOP OF THE 7TH |
Portland Angels batting - Pitching for Calgary Flames : RHP Nick Munk
|
Batting: LHB Miguel Hernandez
|
0-0: Ball 1-0: Fly out, F8 (Flyball, 8RM, EV 84.4 MPH)
|
Batting: RHB Bob Dewar
|
0-0: Called Strike 0-1: Ball 1-1: Fly out, F7 (Flyball, 7, EV 92.5 MPH)
|
Batting: LHB John Harvey
|
0-0: Called Strike 0-1: SINGLE (Groundball, 4MD, EV 95.0 MPH)
|
Pitching: LHP Trevor Lewis
|
|
Pinch Hitting: RHB Jose Garduno
|
Balk! John Harvey to second 0-0: Called Strike 0-1: Swinging Strike 0-2: Ball 1-2: Foul Ball, location: 2F 1-2: Fly out, F9 (Flyball, 9, EV 93.1 MPH)
|
Top of the 7th over - 0 runs, 1 hit, 0 errors, 1 left on base; Portland 2 - Calgary 8 |
BOTTOM OF THE 7TH |
Calgary Flames batting - Pitching for Portland Angels : LHP Benjie Dalaque
|
Now in RF: Dan Contreras
|
|
Batting: RHB Alejandro Patron
|
0-0: Called Strike 0-1: Ball 1-1: Fly out, F7 (Flyball, 7, EV 86.9 MPH)
|
Batting: RHB Juan Mercado
|
0-0: Ball 1-0: Called Strike 1-1: Foul Ball, location: 2F 1-2: Foul Ball, location: 2F 1-2: Ball 2-2: Ball 3-2: Base on Balls
|
Batting: RHB Juan Maravilla
|
0-0: Swinging Strike 0-1: Foul Ball, location: 2F 0-2: Ball 1-2: Ball 2-2: Ball 3-2: Strikes out swinging
|
Batting: RHB Chad Stady
|
0-0: Called Strike 0-1: Foul Ball, location: 2F 0-2: Strikes out swinging
|
Bottom of the 7th over - 0 runs, 0 hits, 0 errors, 1 left on base; Portland 2 - Calgary 8 |
TOP OF THE 8TH |
Portland Angels batting - Pitching for Calgary Flames : LHP Trevor Lewis
|
Pitching: RHP Tony Morales
|
|
Pinch Hitting: LHB Jon Rahn
|
0-0: Foul Ball, location: 2F 0-1: Ball 1-1: Swinging Strike 1-2: Strikes out swinging
|
Batting: RHB Jayden Hollaway
|
0-0: Foul Ball, location: 2F 0-1: Called Strike 0-2: Strikes out swinging
|
Batting: RHB Alex Rosaly
|
0-0: Ball 1-0: Foul Ball, location: 2F 1-1: Ball 2-1: SINGLE (Line Drive, 9S, EV 96.9 MPH)
|
Pitching: RHP Vicente Gonzalez
|
|
Batting: LHB Lourens Aukema
|
0-0: Foul Ball, location: 2F 0-1: Foul Ball, location: 2F 0-2: Ball 1-2: Ball 2-2: Foul Ball, location: 2F 2-2: Foul Ball, location: 2F 2-2: Ball 3-2: Foul Ball, location: 2F 3-2: Ground out 4-3 (Groundball, 4, EV 86.2 MPH)
|
Top of the 8th over - 0 runs, 1 hit, 0 errors, 1 left on base; Portland 2 - Calgary 8 |
BOTTOM OF THE 8TH |
Calgary Flames batting - Pitching for Portland Angels : LHP Benjie Dalaque
|
Now in CF: Dan Contreras
|
|
Now in RF: Dustin Watling
|
|
Batting: RHB Pablo Henriquez
|
0-0: Foul Ball, location: 2F 0-1: Foul Ball, location: 2F 0-2: Ball 1-2: Foul Ball, location: 2F 1-2: Strikes out swinging
|
Batting: SHB Yu-hsui Lew
|
0-0: Called Strike 0-1: Ball 1-1: Called Strike 1-2: Ball 2-2: Ball 3-2: Base on Balls
|
Batting: RHB Andre Thompson
|
0-0: Called Strike 0-1: Called Strike 0-2: SINGLE (Groundball, 56D, EV 107.5 MPH) Yu-hsui Lew to second
|
Batting: SHB Steve Wipf
|
0-0: Foul Ball, location: 2F 0-1: SINGLE (Groundball, 6M, EV 102.5 MPH) (infield hit) Yu-hsui Lew to third Andre Thompson to second
|
Batting: RHB Tyler Johnson
|
0-0: Ball 1-0: Ball 2-0: Ball 3-0: Base on Balls Yu-hsui Lew scores Andre Thompson to third Steve Wipf to second
|
Batting: RHB Alejandro Patron
|
0-0: Ball 1-0: Foul Ball, location: 2F 1-1: Foul Ball, location: 2F 1-2: Strikes out swinging
|
Batting: RHB Juan Mercado
|
0-0: Foul Ball, location: 2F 0-1: Foul Ball, location: 2F 0-2: DOUBLE (Line Drive, 9LS, EV 96.9 MPH) Andre Thompson scores Steve Wipf scores Tyler Johnson to third
|
Batting: RHB Juan Maravilla
|
0-0: Called Strike 0-1: Foul Ball, location: 2F 0-2: DOUBLE (Flyball, 89XD, EV 100.0 MPH) Tyler Johnson scores Juan Mercado scores
|
Pitching: LHP Ismael Flores
|
|
Batting: RHB Chad Stady
|
0-0: Ground out 6-3 (Groundball, 6, EV 83.1 MPH)
|
Bottom of the 8th over - 5 runs, 4 hits, 0 errors, 1 left on base; Portland 2 - Calgary 13 |
TOP OF THE 9TH |
Portland Angels batting - Pitching for Calgary Flames : RHP Vicente Gonzalez
|
Pinch Hitting: RHB Eric Hays
|
0-0: Called Strike 0-1: Called Strike 0-2: Foul Ball, location: 2F 0-2: Ball 1-2: Ball 2-2: Foul Ball, location: 2F 2-2: Ball 3-2: Strikes out looking
|
Batting: LHB Miguel Hernandez
|
0-0: Called Strike 0-1: Foul Ball, location: 2F 0-2: Ball 1-2: Ground out U3 (Groundball, 3, EV 88.8 MPH)
|
Pinch Hitting: RHB Joe Keough
|
0-0: Foul Ball, location: 2F 0-1: Foul Ball, location: 2F 0-2: Fly out, F3 (Popup, 23F, EV 96.2 MPH)
|
Top of the 9th over - 0 runs, 0 hits, 0 errors, 0 left on base; Portland 2 - Calgary 13 |
|